 Dungeon Crawl Stone Soup version 0.28.0 (webtiles) character file.

Game seed: 2160486580550951799

4276 AmazingTV the Covert (level 10, -14/47 HPs)
             Began as a Spriggan Brigand on July 2, 2022.
             Was a Follower of Okawaru.
             Killed from afar by an acid dragon (32 damage)
             ... with a splash of acid
             ... on level 9 of the Dungeon.
             The game lasted 01:05:06 (17621 turns).

AmazingTV the Covert (Spriggan Brigand)            Turns: 17621, Time: 01:05:06

Health: -14/47     AC:  0    Str:  7    XL:     10   Next: 10%
Magic:  10/11      EV: 31    Int: 12    God:    Okawaru [*.....]
Gold:   412        SH:  0    Dex: 22    Spells: 9/9 levels left

rFire   . . .      SeeInvis +   a - +0 dagger (venom) {short}
rCold   . . .      Faith    .   (no shield)
rNeg    . . .      Spirit   .   i - +0 robe
rPois   .          Reflect  .   (helmet restricted)
rElec   .          Harm     .   c - +0 cloak
rCorr   .          Rampage  .   (gloves unavailable)
Will    +....                   (boots unavailable)
Stlth   +++++++...              W - amulet of regeneration
HPRegen 0.95/turn               (no ring)
MPRegen 0.12/turn               (no ring)

@: heroic, corroded, very quick
A: very small, no large weapons, unfitting armour, see invisible, speed 3
a: Renounce Religion, Heroism


You were on level 9 of the Dungeon.
You worshipped Okawaru.
Okawaru was aware of your devotion.
You visited 2 branches of the dungeon, and saw 10 of its levels.

You collected 496 gold pieces.
You spent 84 gold pieces at shops.


Innate Abilities, Weirdness & Mutations

You are very small and have problems with some larger weapons.
You are too small for most types of armour.
You have supernaturally acute eyesight. (SInv)
You cover ground extremely quickly. (Speed+++)


   Skills:
 + Level 2.3(7.3) Fighting
 + Level 8.4(13.4) Short Blades
 - Level 3.4(11.1) Slings
 - Level 6.5(11.8) Throwing
 + Level 9.7(14.7) Dodging
 + Level 12.6(17.6) Stealth


You had 9 spell levels left.
You didn't know any spells.
Your spell library contained the following spells:

 Spells                   Type           Power      Damage    Failure   Level
 Pain                     Necr           0%         1d4       32%         1
 Sandblast                Erth           0%         2d4       32%         1
 Passwall                 Tmut/Erth      0%         N/A       45%         2
 Stone Arrow              Conj/Erth      0%         3d7       69%         3
 Vampiric Draining        Necr           0%         2d6       69%         3
 Passage of Golubria      Tloc           0%         N/A       97%         4
 Yara's Violent Unravell  Hex/Tmut       0%         3d3       100%        5
 Animate Skeleton         Necr           Unusable   N/A       N/A         1
 Summon Small Mammal      Summ           Unusable   N/A       N/A         1
 Call Canine Familiar     Summ           Unusable   N/A       N/A         3
 Summon Guardian Golem    Hex/Summ       Unusable   N/A       N/A         3
 Tukima's Dance           Hex            Unusable   N/A       N/A         3

Inventory:

Hand Weapons
 a - a +0 dagger of venom (weapon) {short}
   (You took it off an orc on level 4 of the Dungeon)
 b - a +0 hunting sling {sling}
   (You found it on level 3 of the Dungeon)
 p - a +1 dagger of holy wrath {short}
   (You took it off a kobold on level 3 of the Dungeon)
 v - a +2 dagger {short}
 y - a +0 rapier {short}
   (You found it on level 1 of the Dungeon)
 z - a +2 dagger of pain {short}
   (You took it off an orc wizard on level 7 of the Dungeon)
 B - a +1 dagger of protection {short}
   (You took it off Dowan on level 4 of the Dungeon)
 C - a +2 antimagic short sword {short}
   (You took it off Duvessa on level 4 of the Dungeon)
Missiles
 d - 12 poisoned darts
 e - a curare-tipped dart {=f}
 f - 153 stones
 g - 57 arrows
 q - 100 bolts
 A - 2 boomerangs
 F - a throwing net {=f!f}
 J - 3 atropa-tipped darts (quivered)
 L - 57 sling bullets
 T - 5 silver boomerangs
Armour
 c - a +0 cloak (worn)
 i - a +0 robe (worn)
Jewellery
 W - an amulet of regeneration (around neck)
   (You found it on level 7 of the Dungeon)
Wands
 r - a wand of digging (6)
   (You found it on level 3 of the Dungeon)
 E - a wand of iceblast (11)
   (You found it on level 4 of the Dungeon)
 G - a wand of flame (18)
   (You took it off Maurice on level 8 of the Dungeon)
 P - a wand of polymorph (10)
   (You found it on level 5 of the Dungeon)
Scrolls
 j - a scroll of fear
 k - 2 scrolls of fog {unknown}
 l - a scroll of torment {unknown}
 m - a scroll of holy word {unknown}
 t - a scroll of brand weapon {unknown}
 w - 4 scrolls of teleportation {@r4}
 x - 2 scrolls of identify {@r1}
 D - 3 scrolls of amnesia
 I - a scroll of silence {unknown}
 M - a scroll of immolation {unknown}
 N - 2 scrolls of summoning {unknown}
 O - 2 scrolls of enchant armour {unknown}
Potions
 h - 2 potions of magic {unknown}
 n - a potion of berserk rage {unknown}
 o - 2 potions of ambrosia
 s - 2 potions of heal wounds {@q2}
 u - 5 potions of flight
 H - 2 potions of curing {@q1}
 K - a potion of attraction {unknown}
 Q - a potion of resistance {unknown}
 R - 3 potions of brilliance
 S - a potion of haste {@q3}
 U - a potion of mutation {unknown}

Dungeon Overview and Level Annotations

Branches:
Dungeon (9/15)             Temple (1/1) D:7
   Lair: D:8-11         Orc: D:9-12

Altars:
Ashenzari
Cheibriados
Dithmenos
Elyvilon
Fedhas
Gozag
Hepliaklqana
Kikubaaqudgha
Makhleb
Nemelex Xobeh
Okawaru
Qazlal
Ru
Sif Muna
Trog
Uskayaw
Vehumet
Wu Jian
Xom
Yredelemnul
Zin
The Shining One
Lugonu

Shops:
D:7 *   D:8 (

Portals:
Abyss: D:3

Annotations:
D:3 2 runed translucent doors, Grinder

#.........#
#.....D...#
#######.......# .
#.....#.......# .
#.....#.......#
.######...###.......#
......#...######....#
#.....#........#.##.#
#.....#........#@##.#
#.....#........'....#
#.....###'####+#....#
##'###.....)......>.#
)....'.##...........#
.....#.##........##.#
#....#..............#
######....).........#
......######+##.....#


You could see an acid dragon (catching breath).


Message History

😮 HP[+1] 😮 HP[+1] 😮 HP[+1] 😮 HP[+1] 😮 HP[+1] 😮 HP[+1]
You see here a sling bullet. 😮 HP[+1] 😮 HP[+1] 😕 HP[+1] 😕 HP[+1]
You are no longer corroded. 😕 HP[+1] 😕 HP[+1] 😕 HP[+1] 😕 HP[+1]
The acid dragon spits acid at you. The splash of acid hits you!!
Ouch! That really hurt!
* * * LOW HITPOINT WARNING * * *
The acid corrodes you! 😱 HP[-33]
You take 33 damage, and now have 8/47 hp.
MASSIVE DAMAGE!! (PAUSE) 😱 HP[+1] 😱 HP[+1] 😱 HP[+1] 😨 HP[+1] 😨 HP[+1] 😨 HP[+1] 😨 HP[+1] 😨 HP[+1] 😨 HP[+1] 😨 HP[+1] 😨 HP[+1] 😨 HP[+1] 😨 HP[+1]
You are no longer corroded. 😨 HP[+1] 😨 HP[+1] 😮 HP[+1] 😮 HP[+1]
You start resting. 😎 HP[+22]
Your hp is fully restored (47).
There is an open door here.
You open the door.
There is an open door here.
There is a broken door here.
L - 51 sling bullets (gained 1)
L - 52 sling bullets (gained 1)
L - 53 sling bullets (gained 1)
Things that are here:
a +0 short sword {short}; a +0 robe You open the door.
There is an open door here.
You open the door.
There is an open door here.
Found a stone staircase leading up.
There is a stone staircase leading up here.
You open the door.
Found a stone staircase leading down.
There is an open door here.
You now have 393 gold pieces (gained 7).
You now have 412 gold pieces (gained 19).
You open the door.
There is an open door here.
Found an escape hatch in the floor.
You open the door.
There is an open door here.
You open the door.
There is an open door here.
S - a potion of haste {@q3}
L - 54 sling bullets (gained 1)
L - 55 sling bullets (gained 1)
L - 56 sling bullets (gained 1)
L - 57 sling bullets (gained 1)
The acid dragon roars!
You gain the combat prowess of a mighty hero. 😎 MP[-2]
You lost 2 mp, and now have 9/11 mp.
The acid dragon spits acid at you. The splash of acid hits you!!
Ouch! That really hurt!
* * * LOW HITPOINT WARNING * * *
The acid corrodes you! 😨 HP[-34]
You take 34 damage, and now have 13/47 hp.
MASSIVE DAMAGE!! (PAUSE) 😨 HP[+1]
The acid dragon spits acid at you.
The splash of acid misses you. 😨 HP[+1] 😨 HP[+1] 😨 HP[+1] 😨 MP[+1]
The acid dragon spits acid at you. The splash of acid hits you!!
Ouch! That really hurt!
You die...

Skill      XL: |  1  2  3  4  5  6  7  8  9 |
---------------+----------------------------+-----
Stealth        | 6 7 8 9 10 12 | 12.6
Dodging        | 2 3 4 6 7 9 |  9.7
Short Blades   | 3 4 5 6 8 |  8.4
Throwing       | 3 4 5 6 |  6.5
Slings         | 3 |  3.4
Fighting       | 2 |  2.3

Action                   |  1- 3 |  4- 6 |  7- 9 | 10-12 || total
-------------------------+-------+-------+-------+-------++-------
Melee: Dagger            |    31 |     9 |   345 |     7 ||   392
       Rapier            |    34 |    98 |   184 |       ||   316
       Short sword       |       |       |    13 |       ||    13
       Punch             |       |       |     8 |       ||     8
 Fire: Hunting sling     |       |     5 |   160 |    37 ||   202
Throw: Dart              |       |    24 |    51 |       ||    75
       Stone             |       |    29 |       |       ||    29
Invok: Heroism           |       |       |     4 |     1 ||     5
  Use: Scroll            |       |       |    10 |       ||    10
       Potion            |       |       |     5 |       ||     5
 Stab: Sleeping          |     9 |     8 |    17 |       ||    34
       Distracted        |       |     1 |     4 |       ||     5
       Invisible         |       |       |     2 |       ||     2
Armor: Robe              |     5 |     9 |    35 |       ||    49
       Skin              |       |       |    30 |       ||    30
Dodge: Dodged            |    41 |    81 |   417 |    17 ||   556

Levels and vault maps discovered:
D:1:      lightli_arrival_flooded_house, layout_rooms,
          shapermc_ecumenical_altar_ellora
D:2:      layout_basic, minmay_misc_feat_cross
D:3:      due_chaos_kobolds, layout_loops_cross,
          nicolae_wu_jian_immortal_techniques, minivault_25, uniq_natasha,
          uniq_grinder, uniq_sigmund
D:4:      layout_basic, lightli_minifort, uniq_duvessa
D:5:      layout_cave_pools, kennysheep_generic_room_16
D:6:      layout_loops_ring
D:7:      layout_loops_ring, minmay_temple_entry_sparse_star,
          serial_co_window_serial, co_window_corner_a, co_window_corner_a,
          co_window_paths_a, co_window_corner_a, co_window_paths_a,
          co_window_corner_b, co_window_corner_ca, co_window_2corner,
          glass_columns_a, glass_columns_b, glass_columns_b, glass_columns_a,
          serial_shops, shop, kennysheep_generic_room_15
D:8:      layout_loops_ring, serial_shops, nicolae_lakefront_shop,
          columned_hall_lemuel, chequers_serial_rivers_micro_b, minivault_5,
          minmay_misc_feat_tower, uniq_maurice
D:9:      layout_stronghold
Temple:   mainiacjoe_temple_starburst

Notes
Turn   | Place    | Note
-------+----------+-------------------------------------------
     0 | D:1      | AmazingTV the Spriggan Brigand began the quest for the Orb.
     0 | D:1      | Reached XP level 1. HP: 10/10 MP: 2/2
     0 | D:1      | magus.rc [v1.9.6]
    32 | D:1      | You pick up a book of Geomancy and begin reading...
    32 | D:1      | You add the spells Sandblast, Passwall and Stone Arrow to
                  | your library.
   316 | D:1      | Found a faded altar of an unknown god.
   388 | D:1      | Reached skill level 6 in Stealth
   427 | D:1      | Reached XP level 2. HP: 14/14 MP: 3/3
   854 | D:2      | Reached skill level 2 in Dodging
  1271 | D:2      | Reached XP level 3. HP: 18/18 MP: 4/4
  1278 | D:2      | You pick up a book of Callings and begin reading...
  1278 | D:2      | You add the spells Summon Small Mammal, Call Canine
                  | Familiar and Summon Guardian Golem to your library.
  1609 | D:3      | Noticed Sigmund
  1619 | D:3      | Killed Sigmund
  1620 | D:3      | Reached skill level 3 in Short Blades
  1620 | D:3      | Reached skill level 3 in Throwing
  1620 | D:3      | Reached skill level 3 in Dodging
  1620 | D:3      | Reached skill level 7 in Stealth
  1620 | D:3      | Reached XP level 4. HP: 22/22 MP: 5/5
  1620 | D:3      | Reached XP level 5. HP: 25/25 MP: 6/6
  1845 | D:3      | Found a one-way gate to the infinite horrors of the Abyss.
  2059 | D:3      | Found an ornate altar of the Wu Jian Council.
  2097 | D:3      | Noticed Natasha
  2104 | D:3      | Killed Natasha
  2329 | D:3      | Noticed Grinder
  2774 | D:3      | Found a large runed translucent door.
  2774 | D:3      | Found a large runed translucent door.
  2775 | D:3      | Found a corrupted altar of Lugonu.
  2828 | D:3      | Noticed Natasha
  2838 | D:3      | Killed Natasha
  3021 | D:4      | Reached skill level 4 in Dodging
  3096 | D:4      | Reached skill level 4 in Short Blades
  3096 | D:4      | Reached XP level 6. HP: 30/30 MP: 7/7
  3153 | D:4      | HP: 7/30 [poisoned by an orc]
  3158 | D:4      | HP: 4/30 [poisoned by an orc]
  3163 | D:4      | HP: 2/30 [poisoned by an orc]
  3461 | D:3      | Noticed Natasha
  3463 | D:3      | Killed Natasha
  3521 | D:4      | Noticed Duvessa
  3521 | D:4      | Noticed Dowan
  3659 | D:4      | Reached skill level 8 in Stealth
  3998 | D:4      | Reached skill level 4 in Throwing
  4312 | D:4      | Killed Dowan
  4313 | D:4      | Reached XP level 7. HP: 15/33 MP: 8/8
  4574 | D:4      | Reached skill level 5 in Dodging
  5106 | D:4      | HP: 4/33 [Duvessa (11)]
  5121 | D:4      | Killed Duvessa
  5122 | D:4      | Reached skill level 5 in Short Blades
  6495 | D:5      | Entered Level 5 of the Dungeon
  6545 | D:5      | Noticed a yak
  6624 | D:5      | Reached skill level 9 in Stealth
  6782 | D:5      | Reached skill level 5 in Throwing
  6782 | D:5      | Reached skill level 6 in Dodging
  6782 | D:5      | Reached XP level 8. HP: 37/37 MP: 9/9
  8012 | D:6      | Reached skill level 6 in Short Blades
  8383 | D:6      | Reached skill level 10 in Stealth
  8486 | D:6      | HP: 9/37 [poisoned by a scorpion]
  8491 | D:6      | HP: 6/37 [poisoned by a scorpion]
  8496 | D:6      | HP: 4/37 [poisoned by a scorpion]
  8917 | D:6      | Reached skill level 7 in Dodging
  8936 | D:6      | HP: 9/37 [orc warrior (20)]
  9382 | D:6      | Reached skill level 6 in Throwing
 11004 | D:6      | Reached XP level 9. HP: 37/41 MP: 10/10
 11430 | D:6      | Reached skill level 11 in Stealth
 11430 | D:6      | HP: 10/41 [orc priest/divine providence (10)]
 11432 | D:6      | Reached skill level 7 in Short Blades
 11752 | D:6      | You pick up a book of Necromancy and begin reading...
 11752 | D:6      | You add the spells Pain, Animate Skeleton and Vampiric
                  | Draining to your library.
 11857 | D:6      | Reached skill level 8 in Dodging
 12874 | D:7      | Found a staircase to the Ecumenical Temple.
 12912 | Temple   | Entered the Ecumenical Temple
 13460 | Temple   | Became a worshipper of Warmaster Okawaru
 13812 | D:7      | Found Juxzikh's General Store.
 13841 | D:7      | Bought a potion of heal wounds for 60 gold pieces
 13841 | D:7      | Bought a scroll of identify for 24 gold pieces
 13912 | D:7      | Identified the +0 quarterstaff of Wefoix {pain, rF++ rC+
                  | Str+2 Int-2}
 13972 | D:7      | Reached skill level 1 in Slings
 14003 | D:7      | HP: 10/41 [orc (2)]
 14814 | D:7      | Reached skill level 2 in Slings
 15509 | D:7      | Reached * piety under Okawaru
 15616 | D:7      | Reached skill level 3 in Slings
 15616 | D:7      | Reached skill level 9 in Dodging
 15616 | D:7      | Reached skill level 12 in Stealth
 15900 | D:8      | HP: 8/41 [vampire mosquito (11)]
 15915 | D:8      | HP: 6/41 [vampire mosquito (11)]
 15983 | D:8      | Reached skill level 8 in Short Blades
 16331 | D:8      | You add the spells Passage of Golubria and Yara's Violent
                  | Unravelling to your library.
 16527 | D:8      | Noticed Maurice
 16670 | D:8      | Found Beizilul's Weapon Shop.
 16676 | D:8      | Reached skill level 2 in Fighting
 16844 | D:8      | Killed Maurice
 16845 | D:8      | Reached XP level 10. HP: 46/46 MP: 8/11
 17367 | D:9      | HP: 8/47 [acid dragon/splash of acid (34)]
 17621 | D:9      | Killed from afar by an acid dragon

Vanquished Creatures
  Maurice (D:8)
  Sigmund (D:3)
  A wyvern (D:8)
  2 vampire mosquitoes (D:8)
  3 water moccasins
  Duvessa (D:4)
  4 orc warriors
  2 sky beasts
  A black bear (D:6)
  A necrophage (D:6)
  3 ogres
  A phantom (D:6)
  A bullfrog (D:8)
  2 gnoll sergeants
  3 scorpions
  Dowan (D:4)
  A water moccasin skeleton (D:5)
  4 killer bees (D:7)
  6 wights
  2 centaur zombies
  2 jellies
  2 centaur skeletons
  An orc priest (D:6)
  2 bullfrog skeletons
  5 hounds
  An iguana (D:6)
  8 orc wizards
  Natasha (thrice) (D:3)
  A hound zombie (D:5)
  10 gnolls
  2 howler monkey skeletons
  10 adders
  An ufetubus (D:4)
  A dart slug (D:4)
  24 orcs
  3 bats
  An endoplasm (D:1)
  A giant cockroach (D:2)
  4 goblins
  2 hobgoblins
  4 jackals (D:3)
  2 kobolds
  7 quokkas
  4 ball pythons
  2 frilled lizards
  4 rats (D:3)
148 creatures vanquished.

Table legend:
 A = Non-vault XP
 B = Vault XP
 C = Vault XP percentage of total XP
 D = Non-vault monster count
 E = Vault monster count
 F = Vault count percentage of total count
                 A         B        C        D         E       F
            +---------+---------+-------+---------+---------+-------
      Total |    4998 |    1111 |  18.2 |     138 |      10 |   6.8
            +---------+---------+-------+---------+---------+-------
        D:1 |      18 |       0 |   0.0 |      10 |       0 |   0.0
        D:2 |      24 |       0 |   0.0 |       7 |       0 |   0.0
        D:3 |     108 |     247 |  69.6 |      18 |       2 |  10.0
        D:4 |     409 |     343 |  45.6 |      21 |       6 |  22.2
        D:5 |     764 |      13 |   1.7 |      12 |       1 |   7.7
        D:6 |    1534 |       0 |   0.0 |      30 |       0 |   0.0
        D:7 |    1128 |       0 |   0.0 |      27 |       0 |   0.0
        D:8 |     832 |     508 |  37.9 |      10 |       1 |   9.1
        D:9 |     181 |       0 |   0.0 |       3 |       0 |   0.0
            +---------+---------+-------+---------+---------+-------

Illustrated notes

Table legend:
 A = Kills in this place as a percentage of kills in entire the game.
 B = Kills by you in this place as a percentage of kills by you in the entire game.
 C = Kills by friends in this place as a percentage of kills by friends in the entire game.
 D = Other kills in this place as a percentage of other kills in the entire game.
 E = Experience gained in this place as a percentage of experience gained in the entire game.
 F = Experience gained in this place divided by the number of levels of this place that you have seen.
                   A       B       C       D       E      F
               +-------+-------+-------+-------+-------+----------------------
         Total | 100.0 | 100.0 |   N/A |   N/A | 100.0 | 610.9
       Dungeon | 100.0 | 100.0 |   N/A |   N/A | 100.0 | 678.8
               +-------+-------+-------+-------+-------+----------------------

Table legend: (Time is in decaauts)
 A = Elapsed time spent in this place.
 B = Non-inter-level travel time spent in this place.
 C = Inter-level travel time spent in this place.
 D = Time resting spent in this place.
 E = Time spent auto-exploring this place.
 F = Levels seen in this place.
 G = Mean time per level.
                   A        B        C        D        E       F      G
               +--------+--------+--------+--------+--------+-----+--------+
         Total |  13414 |  12879 |    535 |   5272 |   4326 |  10 | 1341.4 |
       Dungeon |  13032 |  12567 |    465 |   5272 |   4030 |   9 | 1448.0 |
        Temple |    382 |    312 |     70 |      0 |    295 |   1 |  382.0 |
               +--------+--------+--------+--------+--------+-----+--------+

Top non-repeatable levels by time:
     D:4: 3116 daAuts
     D:6: 2856 daAuts
     D:5: 1929 daAuts
     D:7: 1293 daAuts
     D:3: 1118 daAuts
     D:8: 935 daAuts
     D:2: 774 daAuts
     D:1: 626 daAuts
  Temple: 382 daAuts
     D:9: 381 daAuts
